3A
MT. VERNON BULLS @ ALAMEDA AIRMEN
07/18/2034
 
TOP OF THE 1ST
Mt. Vernon Bulls batting - Pitching for Alameda Airmen : RHP Benjamin Wyles
Pitching: RHP Benjamin Wyles
Batting: SHB Fergus Stidston 0-0: Called Strike
Error on foul ball, E3
0-2: Ball
1-2: Ball
2-2: Foul Ball, location: 2F
2-2: Ball
3-2: Foul Ball, location: 2F
3-2: SINGLE (Groundball, 4) (infield hit)
Batting: RHB Phil Gillespie 0-0: Ball
1-0: Foul Ball, location: 2F
1-1: Called Strike
1-2: Ball
2-2: Strikes out swinging
Batting: RHB Tom Bancroft 0-0: Ball
1-0: Foul Ball, location: 2F
1-1: Called Strike
1-2: Ball
2-2: Ball
3-2: Strikes out swinging
Batting: LHB Tomás Muinos 0-0: Ball
1-0: Called Strike
1-1: Swinging Strike
1-2: Strikes out swinging
Top of the 1st over - 0 runs, 1 hit, 1 error, 1 left on base; Mt. Vernon 0 - Alameda 0
BOTTOM OF THE 1ST
Alameda Airmen batting - Pitching for Mt. Vernon Bulls : LHP Abdul-Nasir Rabah
Pitching: LHP Abdul-Nasir Rabah
Batting: RHB Bob Smelcer 0-0: Ball
1-0: Called Strike
1-1: Foul Ball, location: 2F
1-2: Foul Ball, location: 2F
1-2: Foul Ball, location: 2F
1-2: Ball
2-2: Fly out, F7 (Flyball, 78S)
Batting: RHB Cornelius Adkison 0-0: Called Strike
0-1: Ball
1-1: Ball
2-1: SINGLE (Flyball, 7LS)
Batting: RHB Gang Jing 0-0: Ball
1-0: Ball
Cornelius Adkison is caught stealing 2nd base
2-0: Ground out 4-3 (Groundball, 4)
Bottom of the 1st over - 0 runs, 1 hit, 0 errors, 0 left on base; Mt. Vernon 0 - Alameda 0
TOP OF THE 2ND
Mt. Vernon Bulls batting - Pitching for Alameda Airmen : RHP Benjamin Wyles
Batting: LHB Abraham Koen 0-0: Ground out 6-3 (Groundball, 6)
Batting: RHB Modesto González 0-0: Foul Ball, location: 2F
0-1: Called Strike
0-2: Fly out, F9 (Flyball, 9LSF)
Batting: RHB Kamakakoa Kaponianani 0-0: Ball
1-0: Called Strike
1-1: Fly out, F2 (Popup, 2R)
Top of the 2nd over - 0 runs, 0 hits, 0 errors, 0 left on base; Mt. Vernon 0 - Alameda 0
BOTTOM OF THE 2ND
Alameda Airmen batting - Pitching for Mt. Vernon Bulls : LHP Abdul-Nasir Rabah
Batting: SHB Cecil Nelson 0-0: Called Strike
0-1: Fly out, F4 (Line Drive, 4MD)
Batting: RHB Reynaldo Torres 0-0: Ball
1-0: Ball
2-0: Foul Ball, location: 2F
2-1: Ball
3-1: Foul Ball, location: 2F
3-2: Base on Balls
Batting: RHB Jim McMahon 0-0: Swinging Strike
0-1: Ball
1-1: Swinging Strike
1-2: Fielders Choice at 2nd, 1-4 (Groundball, 15S)
Batting: LHB Gabriel Montoya 0-0: Ball
1-0: Foul Ball, location: 2F
1-1: SINGLE (Groundball, 15S) (infield hit)
Jim McMahon to second
Batting: RHB Pablo Pagán 0-0: Swinging Strike
0-1: Ball
1-1: Ball
2-1: Ball
3-1: Fielders Choice at 2nd, 6-4 (Groundball, 6)
Bottom of the 2nd over - 0 runs, 1 hit, 0 errors, 2 left on base; Mt. Vernon 0 - Alameda 0
TOP OF THE 3RD
Mt. Vernon Bulls batting - Pitching for Alameda Airmen : RHP Benjamin Wyles
Batting: RHB Hsin-ping Teoh 0-0: Called Strike
0-1: Ball
1-1: Called Strike
1-2: Ball
2-2: SINGLE (Groundball, 6MD)
Batting: RHB De-wei Mo 0-0: Swinging Strike
0-1: Ball
1-1: Ball
2-1: Ball
3-1: Called Strike
3-2: Foul Ball, location: 2F
3-2: Fielders Choice at 2nd, 6-4 (Groundball, 6)
Batting: SHB Fergus Stidston 0-0: Ball
1-0: Called Strike
1-1: Ball
2-1: Ball
3-1: Called Strike
3-2: SINGLE (Groundball, 56D)
De-wei Mo to second
De-wei Mo to third
Batting: RHB Phil Gillespie 0-0: Called Strike
0-1: Ball
1-1: Ball
2-1: Grounds into double play, 6-4-3 (Groundball, 6)
Top of the 3rd over - 0 runs, 2 hits, 0 errors, 1 left on base; Mt. Vernon 0 - Alameda 0
BOTTOM OF THE 3RD
Alameda Airmen batting - Pitching for Mt. Vernon Bulls : LHP Abdul-Nasir Rabah
Batting: LHB Steve Williams 0-0: Ball
1-0: Foul Ball, location: 2F
1-1: Called Strike
1-2: Foul Ball, location: 2F
1-2: Ball
2-2: DOUBLE (Line Drive, 8RXD)
Batting: RHB Bob Smelcer 0-0: Ball
1-0: Swinging Strike
1-1: Foul Ball, location: 2F
1-2: Ball
2-2: Foul Ball, location: 2F
2-2: Fly out, F8 (Flyball, 8LS)
Batting: RHB Cornelius Adkison 0-0: Ground out 6-3 (Groundball, 6)
Steve Williams to third
Batting: RHB Gang Jing 0-0: Called Strike
0-1: Ball
1-1: Foul Ball, location: 2F
1-2: Ball
2-2: Fly out, F9 (Line Drive, 9D)
Bottom of the 3rd over - 0 runs, 1 hit, 0 errors, 1 left on base; Mt. Vernon 0 - Alameda 0
TOP OF THE 4TH
Mt. Vernon Bulls batting - Pitching for Alameda Airmen : RHP Benjamin Wyles
Batting: RHB Tom Bancroft 0-0: Ball
1-0: Fly out, F9 (Flyball, 9LS)
Batting: LHB Tomás Muinos 0-0: Ball
1-0: Fly out, F7 (Flyball, 7LM)
Batting: LHB Abraham Koen 0-0: Called Strike
0-1: Called Strike
0-2: Ball
1-2: Strikes out looking
Top of the 4th over - 0 runs, 0 hits, 0 errors, 0 left on base; Mt. Vernon 0 - Alameda 0
BOTTOM OF THE 4TH
Alameda Airmen batting - Pitching for Mt. Vernon Bulls : LHP Abdul-Nasir Rabah
Batting: SHB Cecil Nelson 0-0: Ball
1-0: Called Strike
1-1: Called Strike
1-2: Foul Ball, location: 2F
1-2: Foul Ball, location: 2F
1-2: Ball
2-2: Ball
3-2: SINGLE (Flyball, 7)
Batting: RHB Reynaldo Torres 0-0: Ball
1-0: Ball
2-0: Called Strike
2-1: Foul Ball, location: 2F
2-2: Fly out, F8 (Flyball, 8RM)
Batting: RHB Jim McMahon 0-0: Ball
1-0: Foul Ball, location: 2F
1-1: Foul Ball, location: 2F
1-2: Fly out, F5 (Line Drive, 5L)
Batting: LHB Gabriel Montoya 0-0: Ball
1-0: Called Strike
1-1: Foul Ball, location: 2F
1-2: Ground out U3 (Groundball, 3S)
Bottom of the 4th over - 0 runs, 1 hit, 0 errors, 1 left on base; Mt. Vernon 0 - Alameda 0
TOP OF THE 5TH
Mt. Vernon Bulls batting - Pitching for Alameda Airmen : RHP Benjamin Wyles
Batting: RHB Modesto González 0-0: Ball
1-0: SINGLE (Line Drive, 5)
Batting: RHB Kamakakoa Kaponianani 0-0: Ball
1-0: Ball
2-0: Fly out, F5 (Line Drive, 56)
Batting: RHB Hsin-ping Teoh 0-0: Swinging Strike
0-1: Foul Ball, location: 2F
0-2: Ball
1-2: Grounds into double play, 6-4-3 (Groundball, 6)
Top of the 5th over - 0 runs, 1 hit, 0 errors, 0 left on base; Mt. Vernon 0 - Alameda 0
BOTTOM OF THE 5TH
Alameda Airmen batting - Pitching for Mt. Vernon Bulls : LHP Abdul-Nasir Rabah
Batting: RHB Pablo Pagán 0-0: Called Strike
0-1: Foul Ball, location: 2F
0-2: Ball
1-2: Strikes out swinging
Batting: LHB Steve Williams 0-0: Called Strike
0-1: Fly out, F8 (Flyball, 89D)
Batting: RHB Bob Smelcer 0-0: Fly out, F8 (Flyball, 8LS)
Bottom of the 5th over - 0 runs, 0 hits, 0 errors, 0 left on base; Mt. Vernon 0 - Alameda 0
TOP OF THE 6TH
Mt. Vernon Bulls batting - Pitching for Alameda Airmen : RHP Benjamin Wyles
Batting: RHB De-wei Mo 0-0: Swinging Strike
0-1: Ball
1-1: Foul Ball, location: 2F
1-2: Strikes out swinging
Batting: SHB Fergus Stidston 0-0: Ball
1-0: Bunted foul
1-1: Swinging Strike
1-2: Strikes out swinging
Batting: RHB Phil Gillespie 0-0: Ball
1-0: Ball
2-0: Foul Ball, location: 2F
2-1: Fly out, F5 (Line Drive, 5L)
Top of the 6th over - 0 runs, 0 hits, 0 errors, 0 left on base; Mt. Vernon 0 - Alameda 0
BOTTOM OF THE 6TH
Alameda Airmen batting - Pitching for Mt. Vernon Bulls : LHP Abdul-Nasir Rabah
Batting: RHB Cornelius Adkison 0-0: Ball
1-0: Fly out, F8 (Flyball, 8LD)
Batting: RHB Gang Jing 0-0: Ball
1-0: Called Strike
1-1: Ball
2-1: Foul Ball, location: 2F
2-2: Strikes out swinging
Batting: SHB Cecil Nelson 0-0: Fly out, F8 (Flyball, 8LXD)
Bottom of the 6th over - 0 runs, 0 hits, 0 errors, 0 left on base; Mt. Vernon 0 - Alameda 0
TOP OF THE 7TH
Mt. Vernon Bulls batting - Pitching for Alameda Airmen : RHP Benjamin Wyles
Batting: RHB Tom Bancroft 0-0: Called Strike
0-1: Ball
1-1: Called Strike
1-2: Foul Ball, location: 2F
1-2: Strikes out swinging
Batting: LHB Tomás Muinos 0-0: Called Strike
0-1: Called Strike
0-2: Strikes out looking
Batting: LHB Abraham Koen 0-0: Ball
1-0: Ball
2-0: SINGLE (Groundball, 56D)
Pitching: RHP James McNeil
Batting: RHB Modesto González 0-0: Ball
1-0: Called Strike
1-1: Called Strike
1-2: Foul Ball, location: 2F
1-2: Ball
2-2: Ball
3-2: Ground out 2-3 (Groundball, 15S)
Top of the 7th over - 0 runs, 1 hit, 0 errors, 1 left on base; Mt. Vernon 0 - Alameda 0
BOTTOM OF THE 7TH
Alameda Airmen batting - Pitching for Mt. Vernon Bulls : LHP Abdul-Nasir Rabah
Batting: RHB Reynaldo Torres 0-0: Called Strike
0-1: Ball
1-1: DOUBLE (Flyball, 7LD)
Batting: RHB Jim McMahon 0-0: Intentional Walk
Pinch Hitting: LHB Senichi Ito 0-0: Ball
1-0: Sac Bunt - play at first, batter OUT! 1-4
Reynaldo Torres to third
Jim McMahon to second
Batting: RHB Pablo Pagán 0-0: Foul Ball, location: 2F
0-1: Foul Ball, location: 2F
0-2: Foul Ball, location: 2F
0-2: DOUBLE (Line Drive, 9D)
Reynaldo Torres scores
Jim McMahon scores
Batting: LHB Steve Williams 0-0: Swinging Strike
0-1: Ground out U3 (Groundball, 3)
Pablo Pagán to third
Pitching: RHP Johnny O'Quinn
Batting: RHB Bob Smelcer 0-0: Ball
1-0: Called Strike
1-1: Ball
2-1: Ball
3-1: Swinging Strike
3-2: Base on Balls
Batting: RHB Cornelius Adkison 0-0: Foul Ball, location: 2F
0-1: Ball
1-1: Called Strike
1-2: Foul Ball, location: 2F
1-2: Ball
2-2: Strikes out swinging
Bottom of the 7th over - 2 runs, 2 hits, 0 errors, 2 left on base; Mt. Vernon 0 - Alameda 2
TOP OF THE 8TH
Mt. Vernon Bulls batting - Pitching for Alameda Airmen : RHP James McNeil
Now in RF: Senichi Ito
Batting: RHB Kamakakoa Kaponianani 0-0: Ball
1-0: Called Strike
1-1: Ball
2-1: Swinging Strike
2-2: Ball
3-2: Base on Balls
Batting: RHB Hsin-ping Teoh 0-0: Foul Ball, location: 2F
0-1: Foul Ball, location: 2F
0-2: Strikes out swinging
Batting: RHB De-wei Mo 0-0: Foul Ball, location: 2F
0-1: Ball
1-1: Swinging Strike
1-2: Foul Ball, location: 2F
1-2: Strikes out swinging
Batting: SHB Fergus Stidston 0-0: Ball
1-0: Ground out 4-3 (Groundball, 4)
Top of the 8th over - 0 runs, 0 hits, 0 errors, 1 left on base; Mt. Vernon 0 - Alameda 2
BOTTOM OF THE 8TH
Alameda Airmen batting - Pitching for Mt. Vernon Bulls : RHP Johnny O'Quinn
Batting: RHB Gang Jing 0-0: Fly out, F4 (Line Drive, 4M)
Batting: SHB Cecil Nelson 0-0: Called Strike
0-1: Foul Ball, location: 2F
0-2: Ball
1-2: Ball
2-2: Strikes out swinging
Batting: RHB Reynaldo Torres 0-0: Ball
1-0: Ground out 5-3 (Groundball, 56S)
Bottom of the 8th over - 0 runs, 0 hits, 0 errors, 0 left on base; Mt. Vernon 0 - Alameda 2
TOP OF THE 9TH
Mt. Vernon Bulls batting - Pitching for Alameda Airmen : RHP James McNeil
Pitching: RHP Mario Durán
Now at 3B: Scot Adkins
Batting: RHB Phil Gillespie 0-0: Foul Ball, location: 2F
0-1: Ball
1-1: Called Strike
1-2: Ball
2-2: Strikes out swinging
Batting: RHB Tom Bancroft 0-0: SINGLE (Flyball, 78S)
Batting: LHB Tomás Muinos 0-0: Swinging Strike
0-1: Called Strike
0-2: Strikes out swinging
Batting: LHB Abraham Koen 0-0: Called Strike
0-1: Ball
1-1: Ball
2-1: TRIPLE (Line Drive, 9D)
Tom Bancroft scores
Batting: RHB Modesto González 0-0: Ball
1-0: Ball
2-0: Ball
3-0: Base on Balls
Pinch Hitting: LHB Lou Downes 0-0: Ball
1-0: Ball
2-0: Called Strike
2-1: Foul Ball, location: 2F
2-2: Strikes out swinging
Top of the 9th over - 1 run, 2 hits, 0 errors, 2 left on base; Mt. Vernon 1 - Alameda 2
Friday, March 29th, 2019 - OOTP Baseball 18.8 Build 76